 Dungeon Crawl Stone Soup version 0.18.1-50-g88ac8fd (webtiles) character file.

426 grisgris the Shield-Bearer (level 6, -3/39 HPs)
             Began as a Gargoyle Fighter on Nov 11, 2016.
             Was an Initiate of Qazlal.
             Killed from afar by Dowan (23 damage)
             ... with a shard of ice
             ... on level 4 of the Dungeon.
             The game lasted 00:07:03 (2760 turns).

grisgris the Shield-Bearer (Gargoyle Fighter)       Turns: 2760, Time: 00:07:05

Health: -3/39      AC: 18    Str: 22    XL:     6   Next: 97%
Magic:  6/6        EV:  5    Int:  8    God:    Qazlal [......]
Gold:   157        SH: 10    Dex:  9    Spells: 0 memorised, 5 levels left

rFire  . . .     SeeInvis .     a - +0 flail
rCold  . . .     Gourm    .     i - +0 plate armour
rNeg   + . .     Faith    .     c - +0 shield
rPois  ∞         Spirit   .     (no helmet)
rElec  +         Dismiss  .     n - +0 cloak
rCorr  .         Reflect  .     (no gloves)
SustAt .         Harm     .     u - +0 pair of boots
MR     .....                    (no amulet)
Stlth  ..........               (no ring)
                                s - ring of wizardry

@: not resistant to hostile enchantments, extremely unstealthy
A: negative energy resistance 1, electricity resistance, unbreathing,
petrification resistance, rot immunity, AC +4
a: Renounce Religion


You were on level 4 of the Dungeon.
You worshipped Qazlal.
Qazlal was noncommittal.
You were not hungry.

You visited 2 branches of the dungeon, and saw 5 of its levels.

You collected 157 gold pieces.

Inventory:

Hand Weapons
 a - a +0 flail (weapon)
Armour
 c - a +0 shield (worn)
 i - a +0 plate armour (worn)
 n - a +0 cloak (worn)
 u - a +0 pair of boots (worn)
Jewellery
 s - a ring of wizardry (left hand)
Scrolls
 h - 2 scrolls of identify
 m - 2 scrolls of teleportation {unknown}
 o - a scroll of fog {unknown}
Potions
 d - a potion of might
 j - 2 potions of agility
 k - a potion of cure mutation {unknown}
 p - a potion of brilliance {unknown}
 q - 3 potions of curing
 r - 3 potions of lignification {unknown}
Books
 e - a book of Summonings

   Spells                             Type                      Level
   a - Recall                         Summoning/Translocation      3
   b - Aura of Abjuration             Summoning                    5
   c - Summon Demon                   Summoning                    5
   d - Summon Forest                  Summoning/Translocation      5
   e - Summon Mana Viper              Hexes/Summoning              5
   f - Shadow Creatures               Summoning                    6
Comestibles
 f - 2 bread rations
 g - 3 meat rations
 l - a slice of pizza


   Skills:
 + Level 4.5 Fighting
 + Level 3.9 Maces & Flails
 + Level 4.2 Armour
 + Level 1.9 Dodging
 + Level 0.2 Stealth
 + Level 5.2 Shields


You had 5 spell levels left.
You didn't know any spells.

Dungeon Overview and Level Annotations

Branches:
Dungeon (4/15)             Temple (1/1) D:4

Altars:
Ashenzari
Cheibriados
Fedhas
Kikubaaqudgha
Nemelex Xobeh
Pakellas
Qazlal
Ru
Sif Muna
Trog
Vehumet
Xom
Yredelemnul
Zin
The Shining One

Annotations:
D:4 Dowan


Innate Abilities, Weirdness & Mutations

You are resistant to torment.
Your stone body is resilient (AC +4).
You are immune to poison.
You resist negative energy.
You are resistant to electric shocks.
You can survive without breathing.
You are immune to petrification.
You are immune to rotting.


Message History

You block Dowan's attack.
Dowan points at you and mumbles some strange words.
The stone arrow hits you!
You hit Dowan.
Dowan is moderately wounded.
Dowan hits you but does no damage. x2
You closely miss Dowan.
Dowan is moderately wounded.
Dowan hits you but does no damage. You block Dowan's attack.
You sock Dowan!
Dowan is heavily wounded.
Dowan casts a spell at you. The stone arrow hits you!
Dowan hits you but does no damage.
You hit Dowan but do no damage.
Dowan is heavily wounded.
You block Dowan's attack.
Dowan points at you and mumbles some strange words.
The shard of ice hits you!
Ouch! That really hurt!
You die...

## ..# #.# #.# #.#
#### # #.##...##
#..#####.#....(###
#....)@e.#........
#.######.#.....#
#.######......#
#........#)#.## #
########.#.#.######
#. #.#........## #.
..#....§≈≈..####
#.#.(.≈≈§≈≈..##.
#.#.#§≈≈≈§≈≈....


You could see Dowan.

Vanquished Creatures
  Duvessa (D:4)
  2 ogres
  A centaur skeleton (D:4)
  A gnoll (D:1)
  3 adders
  An ooze (D:1)
  3 dart slugs
  4 giant geckos (D:3)
  3 orcs (D:3)
  3 giant cockroaches
  9 goblins
  3 hobgoblins
  13 jackals
  3 kobolds
  2 quokkas (D:3)
  7 bats
  4 giant newts
  8 rats
71 creatures vanquished.

Notes
Turn   | Place    | Note
--------------------------------------------------------------
     0 | D:1      | grisgris the Gargoyle Fighter began the quest for the Orb.
     0 | D:1      | Reached XP level 1. HP: 14/14 MP: 1/1
    92 | D:1      | Reached XP level 2. HP: 19/19 MP: 2/2
   681 | D:1      | Reached XP level 3. HP: 18/24 MP: 3/3
  1192 | D:2      | Reached skill level 4 in Shields
  1332 | D:2      | Reached XP level 4. HP: 28/29 MP: 4/4
  1914 | D:3      | Reached skill level 1 in Dodging
  1962 | D:3      | Noticed an ogre
  1969 | D:3      | HP: 1/29 [ogre/giant club (13)]
  1974 | D:3      | Killed an ogre
  1974 | D:3      | Reached XP level 5. HP: 1/33 MP: 5/5
  2565 | D:4      | Found a staircase to the Ecumenical Temple.
  2597 | Temple   | Entered the Ecumenical Temple
  2644 | Temple   | Became a worshipper of Qazlal Stormbringer
  2692 | D:4      | Noticed an ogre
  2704 | D:4      | Reached XP level 6. HP: 37/38 MP: 6/6
  2723 | D:4      | Noticed Dowan
  2724 | D:4      | Noticed Duvessa
  2748 | D:4      | Killed Duvessa
  2748 | D:4      | Reached skill level 5 in Shields
  2760 | D:4      | Killed from afar by Dowan

Skill      XL: |  1  2  3  4  5  6 |
---------------+-------------------+-----
Fighting       | 4 |  4.5
Shields        | 4 5 |  5.2
Dodging        | 1 |  1.9
Maces & Flails | 3 |  3.9
Armour         | 4 |  4.2
Stealth        | |  0.2

Action                   |  1- 3 |  4- 6 || total
-------------------------+-------+-------++-------
Melee: Flail             |   129 |   216 ||   345
  Use: Scroll            |       |     4 ||     4
       Potion            |       |     1 ||     1
  Eat: Chunk             |     1 |     6 ||     7
Armor: Scale mail        |    66 |    74 ||   140
       Plate armour      |       |    66 ||    66
Dodge: Dodged            |    51 |    48 ||    99
Block: Shield            |    82 |   135 ||   217
